 Dungeon Crawl Stone Soup version 0.32-a0-814-g0968bab981 (webtiles) character file.

Game seed: 15718979613261977359

56 hikkokomori the Vexing (level 4, -1/26 HPs)
             Began as a Kobold Hexslinger on Mar 23, 2024.
             Slain by Robin
             ... wielding a +0 dagger
              (3 damage)
             ... on level 2 of the Dungeon.
             The game lasted 00:03:12 (967 turns).

hikkokomori the Vexing (Kobold Hexslinger)           Turns: 967, Time: 00:03:12

Health: -1/26      AC:  2    Str:  5    XL:     4   Next: 15%
Magic:  6/6        EV: 14    Int: 14    God:
Gold:   22         SH:  0    Dex: 19    Spells: 6/6 levels left

rFire   . . .        a - +1 sling
rCold   . . .        (no shield)
rNeg    . . .        c - +0 robe
rPois   .            (no helmet)
rElec   .            (no cloak)
rCorr   .            (no gloves)
SInv    .            (no boots)
Will    +....        (no amulet)
Stlth   +++          (no ring)
HPRegen 0.24/turn    (no ring)
MPRegen 0.10/turn

%: no passive effects
@: attractive, enlightened, flying, hasted, very quick
A: small, no large weapons, nightstalker 3
a: no special abilities


You were on level 2 of the Dungeon.
You visited 1 branch of the dungeon, and saw 2 of its levels.

You collected 22 gold pieces.

Inventory:

Hand Weapons
 a - a +1 sling (weapon)
Missiles
 d - 2 boomerangs
Armour
 c - a +0 robe (worn)
Jewellery
 e - an amulet of faith
Scrolls
 b - a scroll of poison
 f - a scroll of summoning {unknown}
 g - a scroll of noise {unknown}
 h - a scroll of identify {unknown}
 i - 2 scrolls of vulnerability {unknown}
 k - a scroll of fear {unknown}
 n - a scroll of teleportation {unknown}
Potions
 m - a potion of attraction


   Skills:
 + Level 1.8 Fighting
 + Level 3.3 Ranged Weapons
 - Level 3.0 Dodging
 + Level 1.7 Spellcasting
 + Level 3.4 Hexes
 + Level 1.6 Fire Magic


You had 6 spell levels left.
You didn't know any spells.
Your spell library contained the following spells:

 Spells                   Type           Power      Damage    Failure   Level
 Jinxbite                 Hex            20%        N/A       9%          2
 Sigil of Binding         Hex            10%        N/A       19%         3
 Inner Flame              Hex/Fire       8%         N/A       26%         3
 Lesser Beckoning         Tloc           2%         N/A       36%         2
 Dazzling Flash           Conj/Hex       10%        N/A       36%         3
 Volatile Blastmotes      Fire/Tloc      6%         2d10      47%         3
 Cause Fear               Hex            5%         N/A       52%         4
 Gell's Gravitas          Tloc           1%         N/A       58%         3
 Passwall                 Erth           1%         N/A       58%         3
 Teleport Other           Tloc           1%         N/A       58%         3
 Dimensional Bullseye     Hex/Tloc       2%         N/A       77%         4
 Bombard                  Conj/Erth      0%         9d1       100%        6
 Starburst                Conj/Fire      1%         6d3       100%        6
 Maxwell's Capacitive Co  Air            0%         ∞         100%        8


Dungeon Overview and Level Annotations

Branches:
Dungeon (2/15)

Altars:

Annotations:
D:2 Robin


Innate Abilities, Weirdness & Mutations

You are small and have problems with some larger weapons.
You are completely attuned to the shadows.


Message History

The goblin closely misses you.
You shoot a sling bullet.
The sling bullet closely misses the goblin.
The sling bullet hits the goblin.
The goblin is almost dead.
The goblin hits you with a +0 club.
* * * LOW HITPOINT WARNING * * *
You shoot a sling bullet.
The sling bullet barely misses the goblin.
The sling bullet hits the goblin!
You kill the goblin!
The goblin misses you.
You shoot a sling bullet. The sling bullet hits the goblin.
The goblin is severely wounded.
The goblin hits you but does no damage. The goblin closely misses you.
You shoot a sling bullet. The sling bullet hits the goblin!
You kill the goblin!
You shoot a sling bullet. The sling bullet hits Robin.
Robin is moderately wounded.
Robin barely misses you. Robin hits you with a +0 dagger.
* * * LOW HITPOINT WARNING * * *
You shoot a sling bullet.
The sling bullet hits Robin but does no damage.
Robin is moderately wounded.
Robin hits you with a +0 dagger.
* * * LOW HITPOINT WARNING * * *
It was a potion of attraction.
You feel attractive to monsters. Robin hits you with a +0 dagger.
* * * LOW HITPOINT WARNING * * *
Okay, then.
You aren't carrying any items that you can evoke.
It was a potion of enlightenment.
You feel very buoyant.
You fly up into the air.
Robin closely misses you.
It was a potion of haste.
You feel yourself speed up.
Robin points. "Kill!"
Robin hits you with a +0 dagger.
You die...
Robin lets out a smug laugh.

.††...#.#.# #.#.#######.###
##[##.#.#.###.#.#######.####
............................
#.................##.##.####
.....)..####.....<...##.#
........# ##.....##.##.##
........# #.....##.##...
........# ###.####†##..#
.......## #.@g)).....#
...... ######.....) .....
#....... ..... ##.####.# .
#gg.....# #.g##### #..# #..#
#.)


You could see Robin.

Vanquished Creatures
  An adder (D:2)
  A ribbon worm (D:2)
  2 ball pythons
  6 bats (D:1)
  2 endoplasms (D:2)
  A giant cockroach (D:2)
  9 goblins
  4 hobgoblins
  5 kobolds
  2 quokkas (D:1)
  4 frilled lizards (D:1)
  2 rats
39 creatures vanquished.

Notes
Turn   | Place    | Note
-------+----------+-------------------------------------------
     0 | D:1      | hikkokomori the Kobold Hexslinger began the quest for the
                  | Orb.
     0 | D:1      | Reached XP level 1. HP: 12/12 MP: 2/2
   165 | D:1      | Reached XP level 2. HP: 16/16 MP: 3/3
   411 | D:1      | Reached XP level 3. HP: 20/20 MP: 5/5
   940 | D:2      | Noticed Robin
   946 | D:2      | Reached XP level 4. HP: 22/26 MP: 6/6
   965 | D:2      | HP: 1/26 [Robin/+0 dagger (2)]
   967 | D:2      | Slain by Robin

Illustrated notes

Levels and vault maps discovered:
D:1:      dpeg_arrival_arbitrary_c, layout_loops_ring
D:2:      layout_loops_ring, serial_shops, nicolae_shop_back_alley_shop,
          ebering_ecumenical_altar_hall, minmay_misc_feat_doors, uniq_robin

Skill      XL: |  1  2  3 |
---------------+----------+-----
Ranged Weapons | 3 |  3.3
Dodging        | 3 |  3.0
Fighting       | |  1.8
Spellcasting   | |  1.7
Hexes          | |  3.4
Fire Magic     | |  1.6

Action                     |  1- 3 |  4- 6 || total
---------------------------+-------+-------++-------
   Fire: Sling             |    89 |    11 ||   100
  Throw: Boomerang         |     1 |       ||     1
    Use: Potion            |     1 |     3 ||     4
 Armour: Robe              |    19 |    15 ||    34
  Dodge: Dodged            |    40 |    12 ||    52

Table legend: (Time is in decaauts)
 A = Elapsed time spent in this place.
 B = Non-inter-level travel time spent in this place.
 C = Inter-level travel time spent in this place.
 D = Time resting spent in this place.
 E = Time spent auto-exploring this place.
 F = Levels seen in this place.
 G = Mean time per level.
                   A        B        C        D        E       F      G
               +--------+--------+--------+--------+--------+-----+--------+
         Total |    992 |    982 |     10 |      0 |    762 |   2 |  496.0 |
       Dungeon |    992 |    982 |     10 |      0 |    762 |   2 |  496.0 |
               +--------+--------+--------+--------+--------+-----+--------+

Top non-repeatable levels by time:
     D:1: 706 daAuts
     D:2: 286 daAuts
